 Dungeon Crawl Stone Soup version 0.21-a0-396-ga924934 (webtiles) character file.

357 tof the Slasher (level 6, -4/56 HPs)
             Began as a Minotaur Monk on Oct 19, 2017.
             Killed from afar by an orc wizard (8 damage)
             ... with a magic dart
             ... on level 4 of the Dungeon.
             The game lasted 00:05:19 (2676 turns).

tof the Slasher (Minotaur Monk)                     Turns: 2676, Time: 00:05:20

Health: -4/56      AC:  5    Str: 17    XL:     6   Next: 37%
Magic:  5/5        EV: 13    Int:  7    God:
Gold:   143        SH:  0    Dex: 13    Spells: 5/5 levels left

rFire    . . .     SeeInvis .   a - +0 falchion
rCold    . . .     Gourm    .   (no shield)
rNeg     . . .     Faith    .   o - +0 ring mail
rPois    .         Spirit   .   (helmet restricted)
rElec    .         Reflect  .   (no cloak)
rCorr    +         Harm     .   (no gloves)
MR       +....                  (no boots)
Stlth    +.........             (no amulet)
HPRegen  0.18/turn              h - ring of resist corrosion
MPRegen  0.09/turn              q - ring of protection from magic

@: lethally poisoned (-4 -> -8)
A: retaliatory headbutt, horns 2
a: no special abilities


You were on level 4 of the Dungeon.
You were not hungry.

You visited 1 branch of the dungeon, and saw 4 of its levels.

You collected 143 gold pieces.

Inventory:

Hand Weapons
 a - a +0 falchion (weapon)
Missiles
 s - 8 javelins (quivered)
Armour
 o - a +0 ring mail (worn)
Jewellery
 h - a ring of resist corrosion (left hand)
 q - a ring of protection from magic (right hand)
Wands
 u - a wand of polymorph (10/24)
Scrolls
 d - 2 scrolls of immolation {unknown}
 e - a scroll of teleportation {unknown}
 f - 2 scrolls of enchant weapon {unknown}
 g - a scroll of random uselessness {unknown}
 k - a scroll of blinking {unknown}
 m - 3 scrolls of identify {unknown}
 n - a scroll of remove curse {unknown}
 t - a scroll of recharging {unknown}
Potions
 b - a potion of flight {unknown}
 j - a potion of agility {unknown}
 l - 2 potions of magic {unknown}
 r - 2 potions of cancellation {unknown}
 w - a potion of ambrosia {unknown}
Comestibles
 c - 4 bread rations
 i - 5 fruits
 p - 2 royal jellies
 v - a meat ration
 x - a chunk of flesh


   Skills:
 + Level 5.0 Fighting
 * Level 6.1 Long Blades
 + Level 3.2 Armour
 + Level 4.5 Dodging
 - Level 1.5 Stealth


You had 5 spell levels left.
You didn't know any spells.

Dungeon Overview and Level Annotations

Branches:
Dungeon (4/15)
 Temple: D:4-7

Altars:
Cheibriados
Dithmenos
Zin

Annotations:
D:2 2 transporters


Innate Abilities, Weirdness & Mutations

You reflexively headbutt those who attack you in melee.
You have a pair of horns on your head.


Message History

You barely miss the hound.
You headbutt the hound, but do no damage.
The hound is heavily wounded.
You feel sick. The hound closely misses you.
The orc wizard hits you with a dagger.
* * * LOW HITPOINT WARNING * * *
You barely miss the orc wizard. Your headbutt misses the orc wizard.
You feel sick. The hound misses you.
The orc wizard hits you but does no damage.
The hound closely misses you.
You hit the orc wizard.
The orc wizard is heavily wounded.
You feel sick.
The orc wizard gestures at you while chanting.
The magic dart hits you!
* * * LOW HITPOINT WARNING * * *
The hound barely misses you.
The orc wizard points at you and mumbles some strange words.
The magic dart hits you!
You die...

#...........### .#
######.....###. ..#
##.....###.. #..#######
##.....##...#
##..#....###......#...##
#........##......#...##
.........#.........###
.......h..........##
......o@.........## #
......).........## ##
.......##........######.
....... #.###.......##..
......# #.# #...........
.....# #.# #...........
##..# #.# #....###....
### .# #....###....
##...##.....


You could see a hound and an orc wizard.

Vanquished Creatures
  A scorpion (D:4)
  A hound (D:4)
  Ijyb (D:3)
  A worker ant (D:2)
  4 gnolls (D:2)
  8 adders
  3 oozes
  4 worms (D:2)
  2 dart slugs (D:1)
  5 leopard geckos
  2 orcs (D:4)
  6 ball pythons
  5 bats
  4 giant cockroaches
  6 goblins
  8 hobgoblins
  4 jackals (D:1)
  12 kobolds
  A quokka (D:4)
  6 frilled lizards
  8 rats
92 creatures vanquished.

Notes
Turn   | Place    | Note
-------+----------+-------------------------------------------
     0 | D:1      | tof the Minotaur Monk began the quest for the Orb.
     0 | D:1      | Reached XP level 1. HP: 19/19 MP: 0/0
    35 | D:1      | Reached XP level 2. HP: 20/27 MP: 1/1
    47 | D:1      | Reached skill level 4 in Long Blades
   210 | D:1      | Reached skill level 1 in Armour
   332 | D:1      | Reached XP level 3. HP: 29/33 MP: 2/2
   844 | D:2      | Reached XP level 4. HP: 31/40 MP: 3/3
  1083 | D:2      | Noticed a bullfrog
  1085 | D:2      | Found a snail-covered altar of Cheibriados.
  1085 | D:2      | Found a transporter.
  1100 | D:2      | Found a transporter.
  1374 | D:2      | Reached skill level 5 in Long Blades
  1377 | D:2      | Reached XP level 5. HP: 40/47 MP: 4/4
  2189 | D:3      | Noticed Ijyb
  2218 | D:3      | Killed Ijyb
  2292 | D:3      | Found a glowing silver altar of Zin.
  2415 | D:3      | Reached XP level 6. HP: 52/55 MP: 5/5
  2424 | D:3      | Found a shadowy altar of Dithmenos.
  2576 | D:4      | Reached skill level 6 in Long Blades
  2670 | D:4      | Reached skill level 5 in Fighting
  2676 | D:4      | Killed from afar by an orc wizard

Vault maps used:
D:1:      onia_arrival_handbag, minmay_close_crescents
D:2:      gammafunk_temple_overflow_arena, minmay_bisected
D:3:      zin_treasury, first_bread, nicolae_dithmenos_through_a_glass_darkly,
          uniq_ijyb
D:4:      nicolae_overflow_hidden_temple, minmay_temple_entry_grid

Skill      XL: |  1  2  3  4  5  6 |
---------------+-------------------+-----
Long Blades    | 4 5 6 |  6.1
Armour         | 1 2 3 |  3.2
Fighting       | 4 5 |  5.0
Dodging        | 4 |  4.5
Stealth        | |  1.5

Action                   |  1- 3 |  4- 6 || total
-------------------------+-------+-------++-------
Melee: Falchion          |    78 |   139 ||   217
       Headbutt          |    13 |    31 ||    44
       Unarmed           |       |     6 ||     6
 Stab: Confused          |       |     1 ||     1
  Eat: Chunk             |       |     6 ||     6
Armor: Robe              |    11 |       ||    11
       Ring mail         |     3 |    48 ||    51
Dodge: Dodged            |    53 |    89 ||   142
       Rpst.: Falchion   |    12 |    22 ||    34

Table legend:
 A = Spawn XP
 B = Non-spawn XP
 C = Spawn XP percentage of total XP
 D = Spawn monster count
 E = Non-spawn monster count
 F = Spawn count percentage of total count
 G = Total turns spent on level
                    A         B        C        D         E        F      G
               +---------+---------+-------+---------+---------+-------+---------
         Total |       0 |     511 |   0.0 |       0 |      92 |   0.0 |  2676
               +---------+---------+-------+---------+---------+-------+---------
           D:1 |       0 |      74 |   0.0 |       0 |      35 |   0.0 |   811
           D:2 |       0 |     220 |   0.0 |       0 |      32 |   0.0 |  1222
           D:3 |       0 |      87 |   0.0 |       0 |      18 |   0.0 |   496
           D:4 |       0 |     130 |   0.0 |       0 |       7 |   0.0 |   147
               +---------+---------+-------+---------+---------+-------+---------
